 Dungeon Crawl Stone Soup version 0.16-a0-670-g3b10be2 (webtiles) character file.

41 RobertPalmer the Sneak (level 3, -2/24 HPs)
             Began as an Octopode Assassin on Sept 19, 2014.
             Slain by an adder (3 damage)
             ... on Level 2 of the Dungeon.
             The game lasted 00:01:49 (1153 turns).

RobertPalmer the Sneak (Octopode Assassin)          Turns: 1153, Time: 00:01:49

HP  -2/24        AC  1     Str 10      XL: 3   Next: 52%
MP   3/3         EV 12     Int 13      God:
Gold 84          SH  0     Dex 14      Spells:  0 memorised,  2 levels left

rFire  . . .     SeeInvis .     b - +0 blowgun
rCold  . . .     Clarity  .     (no shield)
rNeg   . . .     rCorr    .     (helmet restricted)
rPois  .         rRot     .     (no amulet)
rElec  .         Spirit   .     (no ring)
SustAb .         Warding  .     (no ring)
rMut   .         Stasis   .     (no ring)
Gourm  .                        (no ring)
MR     .....                    (no ring)
                                (no ring)
                                (no ring)
                                (no ring)

@: not resistant to hostile enchantments, quite stealthy
A: almost no armour, amphibious, 8 rings, constrict 8, camouflage 1, gelatinous
body 1
a: no special abilities


You were on level 2 of the Dungeon.
You were hungry.

You visited 1 branch of the dungeon, and saw 2 of its levels.

You collected 84 gold pieces.


Innate Abilities, Weirdness & Mutations

You cannot wear most types of armour.
You are amphibious.
You can wear up to eight rings at the same time.
You can use your tentacles to constrict many enemies at once.
Your skin changes colour to match your surroundings (Stealth).
Your rubbery body absorbs attacks (AC +1).


   Skills:
 - Level 2.0 Fighting
 - Level 2.0 Short Blades
 - Level 2.0 Throwing
 - Level 1.0 Dodging
 + Level 7.1 Stealth


You had 2 spell levels left.
You didn't know any spells.

Inventory:

Hand weapons
 a - a +2 dagger
 b - a +0 blowgun (weapon)
Missiles
 c - 8 poisoned javelins
 e - 2 poisoned needles (quivered)
 f - 2 curare-tipped needles
Comestibles
 d - 2 meat rations
 g - 2 bread rations
Scrolls
 i - a scroll of identify {unknown}
 j - a scroll of amnesia {unknown}
 l - a scroll of enchant weapon {unknown}
 m - a scroll of magic mapping {unknown}
Potions
 h - a potion of curing {unknown}

Dungeon Overview and Level Annotations

Branches:
Dungeon (2/15)

Altars:
Dithmenos
Qazlal

#...K.#.K....._...
#.####.##.##.....#
#.# #.##.##§...§#
#.# #.....###.###
#.# ####..# #.#
#.# #..# #.. #K#
#..# ### #S# #..>
#@# ##. #.# #.#
#.# #.# #.# #.#
#.. #.# #..# #.#
#..#


You could see an adder and a kobold.


Message History

You feel sick. The adder closely misses you.
You feel sick. The adder misses you.
You feel sick.
The adder looks more healthy.
Firing (i - inventory. (,) - cycle):
e - 4 poisoned needles (quivered)
Aim: an adder (severely wounded)
You shoot a poisoned needle. The poisoned needle hits the adder!
The adder is poisoned.
The adder is severely wounded.
The adder completely misses you. The adder bites you.
* * * LOW HITPOINT WARNING * * *
You feel sick. The adder bites you.
* * * LOW HITPOINT WARNING * * *
You feel sick.
You are no longer poisoned.
The adder bites you but does no damage.
Firing (i - inventory. (,) - cycle):
e - 3 poisoned needles (quivered)
Aim: an adder (severely wounded, poisoned)
You shoot a poisoned needle.
The poisoned needle barely misses the adder.
The poisoned needle hits the kobold!
The kobold is poisoned.
The adder bites you.
* * * LOW HITPOINT WARNING * * *
Drink which item? (? for menu, Esc to quit)
You feel magically purged.
It was a potion of cancellation.
The adder looks more healthy.
The adder bites you.
You die...

Action                   || total
-------------------------++-------
Melee: Dagger            ||    52
 Fire: Blowgun           ||     8
  Use: Potion            ||     1
 Stab: Sleeping          ||     5

Vault maps used:
D:1:      evilmike_arrival_rings
D:2:      nicolae_dithmenos_shadow_blocks, grunt_qazlal_clouds

Notes
Turn   | Place    | Note
--------------------------------------------------------------
     0 | D:1      | RobertPalmer, the Octopode Assassin, began the quest for the Orb.
     0 | D:1      | Reached XP level 1. HP: 14/14 MP: 1/1
   194 | D:1      | Reached skill level 6 in Stealth
   194 | D:1      | Reached XP level 2. HP: 16/19 MP: 2/2
   413 | D:1      | Reached XP level 3. HP: 21/24 MP: 3/3
   819 | D:2      | Found a shadowy altar of Dithmenos.
   832 | D:2      | Reached skill level 7 in Stealth
  1112 | D:2      | Found a stormy altar of Qazlal.
  1152 | D:2      | HP: 1/24 [adder (5)]
  1153 | D:2      | Slain by an adder

Vanquished Creatures
  An adder (D:1)
  A worm (D:2)
  5 bats
  5 goblins (D:1)
  A kobold (D:1)
  An ooze (D:1)
  A giant newt (D:1)
  6 jackals (D:1)
  5 rats
26 creatures vanquished.
